 Dungeon Crawl Stone Soup version 0.31-a0-214-gb37851dbb3 (webtiles) character file.

Game seed: 11801895342061177645

43 qw the Shooter (level 3, -1/21 HPs)
             Began as a Gargoyle Hexslinger on July 1, 2023.
             Slain by a gnoll
             ... wielding a +0 club
              (3 damage)
             ... on level 2 of the Dungeon.
             The game lasted 00:00:18 (662 turns).

qw the Shooter (Gargoyle Hexslinger)                 Turns: 662, Time: 00:00:18

Health: -1/21      AC:  6    Str: 11    XL:     3   Next: 58%
Magic:  4/4        EV: 11    Int: 13    God:
Gold:   51         SH:  0    Dex: 14    Spells: 3/4 levels left

rFire   . . .        Y - +1 sling
rCold   . . .        (no shield)
rNeg    + . .        i - +0 leather armour
rPois   inf          (no helmet)
rElec   +            (no cloak)
rCorr   .            (no gloves)
SInv    .            (no boots)
Will    .....        (no amulet)
Stlth   +            (no ring)
HPRegen 0.23/turn    (no ring)
MPRegen 0.09/turn

%: no passive effects
@: no status effects
A: sickness immunity, AC +3, negative energy resistance 1, electricity
resistance, torment resistance 1, petrification resistance
a: no special abilities


You were on level 2 of the Dungeon.
You visited 1 branch of the dungeon, and saw 2 of its levels.

You collected 51 gold pieces.


Innate Abilities, Weirdness & Mutations

You are immune to sickness and miasma.
Your stone body is resilient. (AC +3)
You are immune to poison.
You resist negative energy. (rN+)
You are resistant to electric shocks. (rElec)
You are resistant to unholy torment.
You are immune to petrification.


   Skills:
 - Level 2.0 Fighting
 + Level 3.5 Ranged Weapons
 - Level 1.5 Dodging
 - Level 1.0 Spellcasting
 - Level 2.6 Hexes


You had 3 spell levels left.
You knew the following spells:

 Your Spells              Type           Power      Damage    Failure   Level
a - Slow                  Hex            28%        N/A       12%         1

Your spell library contained the following spells:

 Spells                   Type           Power      Damage    Failure   Level
 Inner Flame              Hex/Fire       4%         N/A       54%         3
 Portal Projectile        Hex/Tloc       8%         N/A       54%         3
 Cause Fear               Hex            3%         N/A       77%         4

Inventory:

Hand Weapons
 Y - a +1 sling (weapon)
Armour
 i - a +0 leather armour (worn)
Scrolls
 g - a scroll of identify
Potions
 d - a potion of magic {unknown}
 f - a potion of lignification {unknown}
 j - a potion of mutation {unknown}
 k - a potion of brilliance {unknown}
 n - a potion of curing {unknown}

Dungeon Overview and Level Annotations

Branches:
Dungeon (2/15)

Altars:


Message History

The endoplasm freezes you.
You are frozen.
The goblin misses you.
You shoot a sling bullet.
The sling bullet barely misses the adder.
The sling bullet hits the gnoll.
The gnoll is moderately wounded.
The adder barely misses you. x2; The goblin hits you but does no damage.
The endoplasm freezes you.
You are frozen.
You shoot a sling bullet.
The sling bullet completely misses the adder.
The sling bullet hits the gnoll.
The gnoll is moderately wounded.
The adder barely misses you. The endoplasm freezes you.
You are frozen.
The goblin completely misses you.
You shoot a sling bullet. The sling bullet hits the adder.
The adder is severely wounded.
The adder bites you but does no damage. The endoplasm barely misses you.
The goblin hits you with a +0 dagger. The adder closely misses you.
You shoot a sling bullet.
The sling bullet closely misses the adder.
The adder closely misses you. The goblin hits you but does no damage.
The endoplasm hits you but does no damage.
The gnoll hits you but does no damage. The adder closely misses you.
You shoot a sling bullet. The sling bullet hits the adder.
The adder is almost dead.
The endoplasm completely misses you. The gnoll completely misses you.
The goblin hits you but does no damage. The adder bites you.
The endoplasm hits you. The gnoll hits you with a +0 club.
The goblin hits you but does no damage.
You shoot a sling bullet. The sling bullet misses the adder.
The adder bites you but does no damage. x2; The endoplasm hits you.
The gnoll hits you but does no damage. The goblin barely misses you.
You shoot a sling bullet.
The sling bullet barely misses the adder.
The adder bites you but does no damage. The goblin hits you but does no damage.
The endoplasm freezes you.
You are frozen.
The gnoll hits you with a +0 club.
You die...

.. #.: .
##..#####
#.##...#...##
#.#.........#
##[...........
#$...)........
#...SJg..(....
#g@.).....#
#..<.#...#
#.#### # #. ..
.## . .


You could see a gnoll, an adder, an endoplasm and a goblin.

Vanquished Creatures
  2 gnolls (D:2)
  2 bats (D:1)
  4 endoplasms (D:1)
  3 giant cockroaches (D:1)
  A goblin (D:1)
  2 hobgoblins (D:1)
  3 jackals (D:1)
  2 ball pythons (D:1)
  A frilled lizard (D:1)
  2 kobolds
  A rat (D:1)
23 creatures vanquished.

Notes
Turn   | Place    | Note
-------+----------+-------------------------------------------
     0 | D:1      | qw the Gargoyle Hexslinger began the quest for the Orb.
     0 | D:1      | Reached XP level 1. HP: 12/12 MP: 2/2
     0 | D:1      | 0 ||| qw: Version: 0.3-a-32-g5962c71
     0 | D:1      | 0 ||| qw: Game counter: 7392
     0 | D:1      | 0 ||| qw: Melee chars always use a shield: true
     0 | D:1      | 0 ||| qw: God list: Okawaru
     0 | D:1      | 0 ||| qw: Allow faded altars: false
     0 | D:1      | 0 ||| qw: Do Orc after clearing Dungeon:15 true
     0 | D:1      | 0 ||| qw: Do second Lair branch before Depths: true
     0 | D:1      | 0 ||| qw: Lair rune preference: random
     0 | D:1      | 0 ||| qw: Goals: Normal
     0 | D:1      | 0 ||| PLANNING D:1-11
    83 | D:1      | Reached XP level 2. HP: 16/16 MP: 3/3
   124 | D:1      | Reached skill level 3 in Ranged Weapons
   614 | D:1      | Reached XP level 3. HP: 21/21 MP: 4/4
   614 | D:1      | 614 ||| UPGRADING to +0 leather armour.
   624 | D:1      | 624 ||| DROPPING +0 robe.
   625 | D:1      | 625 ||| READING scroll labelled ZOPTEE EVVAE.
   626 | D:1      | 626 ||| READING 2 scrolls labelled OROESUELUOT.
   627 | D:1      | 627 ||| READING scroll labelled PAXAUWK VEPP.
   631 | D:1      | 631 ||| READING scroll labelled RARAMM IPSAFF.
   632 | D:1      | 632 ||| READING scroll labelled GIBAEZI SOKHLE.
   633 | D:1      | 633 ||| DROPPING scroll of poison.
   661 | D:2      | HP: 5/21 [endoplasm (1)]
   662 | D:2      | HP: 2/21 [frozen (3)]
   662 | D:2      | Slain by a gnoll

Levels and vault maps discovered:
D:1:      onia_arrival_mini_maze, layout_basic, minmay_misc_feat_iff
D:2:      layout_rooms, shapermc_ecumenical_altar_pompeii,
          minmay_misc_feat_tiny, uniq_jessica

Skill      XL: |  1  2 |
---------------+-------+-----
Ranged Weapons | 3 |  3.5
Fighting       | 2 |  2.0
Dodging        | |  1.5
Spellcasting   | |  1.0
Hexes          | |  2.6

Action                     || total
---------------------------++-------
   Fire: Sling             ||    69
    Use: Scroll            ||     5
 Armour: Robe              ||     2
         Leather armour    ||    14
  Dodge: Dodged            ||    38

Table legend:
 A = Non-vault XP
 B = Vault XP
 C = Vault XP percentage of total XP
 D = Non-vault monster count
 E = Vault monster count
 F = Vault count percentage of total count
                 A         B        C        D         E       F
            +---------+---------+-------+---------+---------+-------
      Total |      62 |       0 |   0.0 |      23 |       0 |   0.0
            +---------+---------+-------+---------+---------+-------
        D:1 |      34 |       0 |   0.0 |      20 |       0 |   0.0
        D:2 |      28 |       0 |   0.0 |       3 |       0 |   0.0
            +---------+---------+-------+---------+---------+-------
